 Dungeon Crawl Stone Soup version 0.21-a0-278-ga722497 (webtiles) character file.

117 tilp the Firebug (level 5, 0/38 HPs)
             Began as a Hill Orc Fire Elementalist on Sept 21, 2017.
             Slain by a shadow imp (2 damage)
             ... on level 3 of the Dungeon.
             The game lasted 00:08:02 (3417 turns).

tilp the Firebug (Hill Orc Fire Elementalist)       Turns: 3417, Time: 00:08:03

Health: 0/38       AC:  8    Str: 11    XL:     5   Next: 1%
Magic:  5/8        EV: 11    Int: 16    God:
Gold:   155        SH:  0    Dex: 11    Spells: 2/8 levels left

rFire    . . .     SeeInvis .   a - +0 dagger (venom)
rCold    . . .     Gourm    +   (no shield)
rNeg     . . .     Faith    .   D - +0 steam dragon scales (curse)
rPois    .         Spirit   .   l - +2 hat
rElec    .         Reflect  .   (no cloak)
rCorr    .         Harm     .   (no gloves)
MR       .....                  s - +0 pair of boots
Stlth    +.........             f - amulet of the gourmand
HPRegen  0.12/turn              (no ring)
MPRegen  0.11/turn              (no ring)

@: about to teleport, very slightly contaminated, drained
A: no striking features
a: no special abilities


You were on level 3 of the Dungeon.
You were not hungry.

You visited 1 branch of the dungeon, and saw 3 of its levels.

You collected 155 gold pieces.

Inventory:

Hand Weapons
 a - a +0 dagger of venom (weapon)
 b - a +0 hunting sling
 e - a +0 hand axe
 A - a +0 dagger of draining
Missiles
 n - 99 stones (quivered)
Armour
 d - a +0 robe
 l - a +2 hat (worn)
 o - a +0 buckler
 s - a +0 pair of boots (worn)
 D - cursed +0 steam dragon scales (worn)
Jewellery
 f - an amulet of the gourmand (around neck)
 r - an uncursed ring of magical power {unknown}
 v - an uncursed amulet of rage
Scrolls
 g - 4 scrolls of identify
 k - a scroll of teleportation
 w - a scroll of remove curse {unknown}
 x - 2 scrolls of recharging {unknown}
 y - a scroll of enchant weapon {unknown}
Potions
 h - 2 potions of heal wounds {unknown}
 i - 3 potions of haste {unknown}
 m - 2 potions of curing {unknown}
 u - a potion of degeneration {unknown}
 z - 3 potions of berserk rage {unknown}
 B - a potion of brilliance {unknown}
 C - a potion of resistance {unknown}
Books
 q - a book of Flames

   Spells                             Type                      Level
   a - Flame Tongue                   Conjuration/Fire             1
   b - Throw Flame                    Conjuration/Fire             2
   c - Conjure Flame                  Conjuration/Fire             3
   d - Inner Flame                    Hexes/Fire                   3
   e - Sticky Flame                   Conjuration/Fire             4
   f - Fireball                       Conjuration/Fire             5
Comestibles
 c - 2 bread rations
 j - 5 meat rations
 p - 4 royal jellies
 t - 3 fruits


   Skills:
 - Level 1.5(0.9) Dodging
 - Level 1.5(0.9) Stealth
 + Level 2.3(1.7) Spellcasting
 + Level 3.4(2.7) Conjurations
 + Level 4.0(3.4) Fire Magic


You had 2 spell levels left.
You knew the following spells:

 Your Spells              Type           Power        Failure   Level  Hunger
a - Flame Tongue          Conj/Fire      ##...        6%          1    ##.....
b - Throw Flame           Conj/Fire      ##....       9%          2    ###....
c - Conjure Flame         Conj/Fire      ##......     19%         3    ####...


Dungeon Overview and Level Annotations

Branches:
Dungeon (3/15)

Altars:
Ashenzari
Gozag
Ru
Vehumet
Xom
The Shining One

Shops:
D:2 *


Message History

Aiming: Flame Tongue
Press: ? - help, Shift-Dir - straight line, f/p - shadow imp
Aim: a shadow imp The flame tongue misses the shadow imp.
The flame tongue hits the gnoll.
The gnoll is heavily wounded.
The shadow imp summons a swarm of flies.
The shadow imp misses you.
Casting: Flame Tongue
Confirm with . or Enter, or press ? or * to list all spells.
Aiming: Flame Tongue
Press: ? - help, Shift-Dir - straight line, f/p - shadow imp
Aim: a shadow imp The flame tongue hits the shadow imp.
The shadow imp is moderately wounded.
The shadow imp gestures at you. Pain shoots through your body!
* * * LOW HITPOINT WARNING * * *
As you read the scroll of teleportation, it crumbles to dust.
You feel strangely unstable. The shadow imp hits you.
You die... ......##..# #.# .#'######.## #.# .#.# #.....# #.# .wg

.#.# #.....## #.# ..
.#.###......####.# ####'#
...##..........#.# #....#
#####..........#.# #....
#..........#.#
#..g##########
#..........#@#
#...##........
#..........#5#
#g..##.#######
#..........#g# #...##.#
#..........#g# #...##.#
#..........#.# #...##.####
########..##.###...'#....#
##.##.............#
#.##..........#..#
#..#..........#..####


You could see 2 gnolls and a shadow imp.

Vanquished Creatures
  An iguana (D:3)
  A hound zombie (D:3)
  A gnoll (D:3)
  An adder (D:2)
  An ooze (D:3)
  2 worms (D:2)
  A leopard gecko (D:1)
  An orc (D:3)
  6 bats
  2 giant cockroaches (D:1)
  11 goblins
  5 hobgoblins
  4 frilled lizards
  4 kobolds
  8 rats
49 creatures vanquished.

Notes
Turn   | Place    | Note
-------+----------+-------------------------------------------
     0 | D:1      | tilp the Hill Orc Fire Elementalist began the quest for the Orb.
     0 | D:1      | Reached XP level 1. HP: 14/14 MP: 3/3
    99 | D:1      | Reached XP level 2. HP: 20/20 MP: 4/4
   110 | D:1      | Learned a level 2 spell: Throw Flame
   950 | D:2      | Found a shattered altar of Ashenzari.
   976 | D:2      | Reached XP level 3. HP: 14/26 MP: 5/5
  1173 | D:2      | Found Gozag's Platinum Reserve.
  1220 | D:2      | Found an opulent altar of Gozag.
  1365 | D:2      | Found a radiant altar of Vehumet.
  1604 | D:2      | Found a glowing golden altar of the Shining One.
  2160 | D:3      | Reached XP level 4. HP: 14/33 MP: 2/7
  2417 | D:3      | Found a shimmering altar of Xom.
  2418 | D:3      | Found a sacrificial altar of Ru.
  2542 | D:3      | Reached skill level 4 in Fire Magic
  2798 | D:2      | Learned a level 3 spell: Conjure Flame
  3250 | D:3      | Reached XP level 5. HP: 25/38 MP: 4/8
  3417 | D:3      | Slain by a shadow imp

Vault maps used:
D:1:      dpeg_arrival_round_c
D:2:      minmay_wonky_spiral, tso_metal_star, evilmike_ruin_ashenzari,
          nicolae_gozag_zags_fifth_avenue, overflow_temple_1_default
D:3:      gammafunk_temple_overflow_pools

Skill      XL: |  1  2  3  4 |
---------------+-------------+-----
Conjurations   | 2 3 |  3.4
Spellcasting   | 2 |  2.3
Fire Magic     | 4 |  4.0
Dodging        | |  1.5
Stealth        | |  1.5

Action                   |  1- 3 |  4- 6 || total
-------------------------+-------+-------++-------
Melee: Hand axe          |     2 |       ||     2
       Dagger            |   101 |    39 ||   140
 Cast: Flame Tongue      |     8 |     8 ||    16
       Conjure Flame     |       |     2 ||     2
  Use: Scroll            |     3 |     1 ||     4
 Stab: Sleeping          |     5 |     1 ||     6
  Eat: Chunk             |     3 |     7 ||    10
Armor: Robe              |    24 |    12 ||    36
       Steam dragon scal |       |     2 ||     2
Dodge: Dodged            |    45 |    31 ||    76

Table legend:
 A = Spawn XP
 B = Non-spawn XP
 C = Spawn XP percentage of total XP
 D = Spawn monster count
 E = Non-spawn monster count
 F = Spawn count percentage of total count
 G = Total turns spent on level
                    A         B        C        D         E        F      G
               +---------+---------+-------+---------+---------+-------+---------
         Total |       0 |     168 |   0.0 |       0 |      49 |   0.0 |  3417
               +---------+---------+-------+---------+---------+-------+---------
           D:1 |       0 |      26 |   0.0 |       0 |      14 |   0.0 |   862
           D:2 |       0 |      48 |   0.0 |       0 |      20 |   0.0 |  1494
           D:3 |       0 |      94 |   0.0 |       0 |      15 |   0.0 |  1061
               +---------+---------+-------+---------+---------+-------+---------
